Map: Forteresse de fer EC

Players

psk - Winner!

  • Race: Terran Terran

AgCl

  • Race: Protoss Protoss

VOD

Have the link to the VOD?

Description

Time

  • Played on: May 12, 2015, 9:53 p.m.
  • Length: 7:40
Show
View Real Time Build Order
Export as new Build Order

psk Terran - Winner!

Build Orders:  

Get SALT Encoding   

  12  0:02  SCV  
  13  0:12  Supply Depot  
  13  0:17  SCV  
  14  0:30  SCV  
  15  0:36  Barracks  
  15  0:42  SCV  
  16  0:56  SCV  
  17  1:11  SCV  
  19  1:25  Orbital Command  
  19  1:27  Marine  
  19  1:38  Command Center  
  19  1:51  Barracks  
  19  1:58  Barracks  
  19  1:59  Marine  
  20  2:07  SCV  
  21  2:13  Supply Depot  
  21  2:20  Marine  
  21  2:21  SCV  
  23  2:35  SCV  
  21  2:51  Marine  
  21  2:52  Marine x2  
  21  2:53  Orbital Command  
  21  2:58  SCV  
  24  3:00  Supply Depot  
  24  3:09  Marine x3  
  26  3:15  Orbital Command  
  26  3:19  SCV  
  27  3:27  Marine x3  
  27  3:31  SCV  
  31  3:37  Bunker  
  31  3:38  Refinery  
  31  3:39  Refinery  
  31  3:41  Barracks  
  31  3:42  SCV  
  31  3:43  SCV, Barracks  
  31  3:45  Marine  
  31  3:47  Marine  
  31  3:48  Marine  
  36  3:54  SCV  
  36  3:55  SCV  
  38  3:58  Missile Turret  
  37  4:02  Marine  
  37  4:06  SCV, Marine  
  37  4:07  Marine  
  37  4:09  SCV  
  42  4:19  SCV, Missile Turret  
  42  4:20  Marine  
  42  4:21  SCV, Refinery  
  45  4:26  Barracks Tech Lab  
  45  4:30  Barracks Reactor, Barracks Tech Lab  
  45  4:31  SCV  
  46  4:33  SCV  
  47  4:43  SCV  
  47  4:45  SCV, Marine  
  47  4:49  Stimpack  
  47  4:50  Marine x2  
  47  4:51  Marine  
  51  4:55  SCV  
  51  4:57  SCV  
  51  5:03  Marine  
  52  5:07  SCV  
  52  5:10  Marine  
  54  5:15  Marine x2  
  54  5:16  Marauder x2  
  54  5:17  Supply Depot  
  54  5:18  Supply Depot  
  60  5:21  SCV  
  60  5:25  Supply Depot x2, Marine  
  62  5:36  Concussive Shells  
  62  5:38  Marine  
  62  5:39  SCV, Marauder  
  66  5:51  Marine x3, Marauder  
  71  5:59  Factory  
  71  6:00  SCV, Marauder  
  71  6:01  SCV  
  75  6:08  Engineering Bay  
  75  6:12  SCV, Marauder  
  75  6:13  Supply Depot  
  75  6:15  Supply Depot  
  78  6:19  Marine  
  78  6:20  Barracks Tech Lab  
  78  6:22  Barracks Reactor, Marauder  
  81  6:28  SCV  
  82  6:33  Supply Depot, Marauder  
  82  6:34  Marine  
  85  6:43  Missile Turret, Marauder  
  85  6:46  Supply Depot  
  85  6:47  Factory Reactor  
  87  6:50  Starport  
  87  6:52  SCV  
  88  6:54  SCV  
  88  6:55  Marauder  
  88  6:56  Marine  
  92  7:05  Marauder  
  94  7:13  Command Center  
  94  7:15  SCV x2  
  96  7:19  Marine x2  
Show
View Real Time Build Order
Export as new Build Order

AgCl Protoss 

Build Orders: Oracle Opening, Oracle Opening 

Get SALT Encoding   

  12  0:02  Probe  
  13  0:23  Pylon  
  13  0:34  Probe  
  14  0:42  Gateway  
  14  0:46  Probe (Chrono Boost)  
  15  0:58  Probe (Chrono Boost)  
  15  1:02  Assimilator  
  16  1:06  Probe (Chrono Boost)  
  17  1:15  Probe  
  18  1:27  Probe  
  18  1:30  Pylon  
  18  1:34  Zealot (Chrono Boost)  
  18  1:39  Probe  
  21  1:54  Pylon  
  21  1:55  Probe, Nexus  
  22  2:06  Assimilator  
  22  2:12  Probe (Chrono Boost)  
  23  2:17  Pylon  
  23  2:20  Cybernetics Core  
  23  2:24  Probe (Chrono Boost)  
  24  2:32  Probe (Chrono Boost)  
  25  2:41  Probe  
  26  2:53  Probe  
  26  2:56  Adept  
  29  3:05  Probe (Chrono Boost)  
  30  3:14  Stargate  
  30  3:15  Mothership Core (Chrono Boost)  
  30  3:18  Probe (Chrono Boost)  
  31  3:29  Probe (Chrono Boost)  
  31  3:32  Probe (Chrono Boost)  
  33  3:34  Nexus  
  33  3:40  Probe x2 (Chrono Boost)  
  35  3:41  Warp Gate (Chrono Boost)  
  35  3:48  Probe (Chrono Boost)  
  37  3:49  Probe (Chrono Boost)  
  37  3:50  Oracle  
  37  3:56  Probe  
  37  3:59  Probe  
  40  4:07  Assimilator  
  40  4:08  Adept (Chrono Boost)  
  42  4:10  Assimilator  
  42  4:13  Probe  
  43  4:21  Probe  
  44  4:25  Probe  
  45  4:33  Probe  
  45  4:37  Probe  
  47  4:42  Robotics Facility  
  47  4:44  Pylon  
  47  4:45  Probe (Chrono Boost)  
  49  4:53  Probe (Chrono Boost)  
  49  4:57  Probe (Chrono Boost)  
  49  5:00  Probe (Chrono Boost)  
  49  5:03  Adept  
  49  5:04  Probe (Chrono Boost)  
  49  5:05  Gateway  
  52  5:08  Twilight Council  
  52  5:09  Pylon  
  52  5:10  Pylon  
  52  5:21  Forge  
  52  5:22  Pylon  
  52  5:27  Gateway  
  52  5:28  Gateway  
  52  5:31  Pylon  
  49  5:53  Assimilator  
  49  5:56  Pylon  
  52  5:57  Probe x2 (Chrono Boost), Protoss Ground Weapons Level 1 (Chrono Boost)  
  52  5:58  Probe (Chrono Boost)  
  52  6:00  Assimilator  
  53  6:04  Probe (Chrono Boost)  
  53  6:06  Observer (Chrono Boost)  
  54  6:12  Templar Archives, Probe  
  54  6:14  Probe  
  54  6:16  Shield Upgrade (Chrono Boost)  
  54  6:18  Probe, Photon Cannon  
  57  6:20  Warp Prism (Chrono Boost), Photon Cannon  
  57  6:24  Probe (Chrono Boost)  
  61  6:33  Probe (Chrono Boost)  
  61  6:34  Photon Cannon  
  61  6:35  Probe (Chrono Boost)  
  63  6:42  Probe (Chrono Boost)  
  63  6:45  Probe (Chrono Boost)  
  63  6:46  Immortal, Probe (Chrono Boost)  
  65  6:50  Probe (Chrono Boost)  
  65  6:54  Pylon  
  66  6:58  Gateway x2  
  66  7:01  Gateway  
  70  7:03  Gateway  
  70  7:10  Pylon  
  70  7:20  Probe  
  70  7:21  Probe  
  68  7:30  Zealot  
  68  7:31  Adept x3  
Tags
 
Add a new tag
Caveats
  • Supply blocks, unpowered buildings, or Contaminate may cause inaccurate times.
  • Supply counts are checked every 10 seconds.